[Event "45th FIDE Olympiad 2024"]
[Site "Budapest"]
[Date "2024.09.13"]
[Round "3.52"]
[White "Draskovic, Luka"]
[Black "Lagarde, Maxime"]
[Result "1/2-1/2"]
[ECO "C02"]
[WhiteElo "2497"]
[BlackElo "2598"]
[Annotator "RC"]
[PlyCount "63"]
[EventDate "2024.09.05"]
[EventType "team-tourn"]
[EventCountry "HUN"]
[SourceTitle "playchess.com"]
[Source "ChessBase"]
[SourceQuality "1"]
[WhiteTeam "Montenegro"]
[BlackTeam "France"]
[WhiteTeamCountry "MNE"]
[BlackTeamCountry "FRA"]
[TimeControl "40/5400+30:1800+30"]

1. e4 e6 2. d4 d5 3. e5 c5 4. c3 Nc6 5. Nf3 Nge7 6. Na3 Bd7 7. Nc2 Qa5 8. h4 Nxd4 9. Ncxd4 cxd4 10. Nxd4 Nc6 11. Nxc6 Bxc6 12. Be3 Bb5 13. Bxb5+ Qxb5 14. Qe2 Qxe2+ 15. Kxe2 a6 16. h5 Rc8 17. Bd4 Be7 18. Kd3 f5 19. Rh3 O-O 20. f4 a5 21. a4 Bc5 22. Bxc5 Rxc5 23. b3 Rfc8 24. Kc2 b5 25. axb5 Rxb5 26. Rd3 Kf7 27. Ra4 Rc7 28. Kb2 Rbc5 29. Kc2 Rb5 30. Kb2 Rbc5 31. Kc2 Rb5 32. Kb2 1/2-1/2

[Event "45th FIDE Olympiad 2024"]
[Site "Budapest"]
[Date "2024.09.13"]
[Round "3.52"]
[White "Auguiste, Lyndon"]
[Black "Mahor Jr, Manuel"]
[Result "1/2-1/2"]
[ECO "C10"]
[WhiteElo "1697"]
[BlackElo "1759"]
[Annotator "NA"]
[PlyCount "142"]
[EventDate "2024.09.05"]
[EventType "team-tourn"]
[EventCountry "HUN"]
[SourceTitle "playchess.com"]
[Source "ChessBase"]
[SourceQuality "1"]
[WhiteTeam "Dominica"]
[BlackTeam "Palau"]
[WhiteTeamCountry "DMA"]
[BlackTeamCountry "PAL"]
[TimeControl "40/5400+30:1800+30"]

1. e4 e6 2. Nc3 d5 3. d4 dxe4 4. Nxe4 Bd7 5. Nf3 Bc6 6. Bd3 Nd7 7. c3 Ngf6 8. Bg5 Be7 9. Nxf6+ Nxf6 10. O-O b6 11. Ne5 Bb7 12. Bxf6 Bxf6 13. Bb5+ Kf8 14. f4 Qd5 15. Qe2 Bxe5 16. fxe5 Ke7 17. Rf2 a6 18. Bc4 Qe4 19. Raf1 Raf8 20. Qh5 Qg6 21. Qd1 b5 22. Qb3 Qe4 23. Qb4+ Kd8 24. Bxe6 f6 25. Bf5 Qd5 26. Bh3 Bc8 27. g4 h5 28. Bg2 Qe6 29. gxh5 Rf7 30. Qb3 Rxh5 31. Qxe6 Bxe6 32. d5 Bh3 33. Bxh3 Rxh3 34. exf6 g6 35. Re1 Rd3 36. Re6 Rxd5 37. Rxa6 Rg5+ 38. Rg2 Rxg2+ 39. Kxg2 Ke8 40. Kg3 Rd7 41. Rc6 Kf7 42. h4 Rd2 43. b4 Rxa2 44. Rxc7+ Kxf6 45. Rc5 Rc2 46. Kf4 Rh2 47. Rc6+ Kg7 48. Kg3 Re2 49. Kf3 Rh2 50. Kg4 Rg2+ 51. Kh3 Re2 52. Rc5 Re3+ 53. Kg2 Re2+ 54. Kf3 Rh2 55. Rxb5 Rxh4 56. Rc5 Kf6 57. b5 Ke6 58. Ke2 Rh2+ 59. Kd3 Rh3+ 60. Kc4 Rh7 61. b6 Rb7 62. Kb5 Rg7 63. Rc7 Rxc7 64. bxc7 Kd7 65. Kb6 Kc8 66. Kc6 g5 67. Kd5 Kxc7 68. Ke4 Kc6 69. Kf5 Kd5 70. Kxg5 Kc4 71. Kf4 Kxc3 1/2-1/2

[Event "45th FIDE Olympiad 2024"]
[Site "Budapest"]
[Date "2024.09.13"]
[Round "3.53"]
[White "Kuybokarov, Temur"]
[Black "Volokitin, Andrei"]
[Result "1/2-1/2"]
[ECO "B97"]
[WhiteElo "2562"]
[BlackElo "2660"]
[Annotator "TA"]
[PlyCount "86"]
[EventDate "2024.09.05"]
[EventType "team-tourn"]
[EventCountry "HUN"]
[SourceTitle "playchess.com"]
[Source "ChessBase"]
[SourceQuality "1"]
[WhiteTeam "Australia"]
[BlackTeam "Ukraine"]
[WhiteTeamCountry "AUS"]
[BlackTeamCountry "UKR"]
[TimeControl "40/5400+30:1800+30"]

1. e4 c5 2. Nf3 d6 3. d4 cxd4 4. Nxd4 Nf6 5. Nc3 a6 6. Bg5 e6 7. f4 Qb6 8. Qd2 Qxb2 9. Rb1 Qa3 10. f5 Nc6 11. fxe6 Bxe6 12. Rxb7 Nxd4 13. Qxd4 {[%emt 0:00:11] aiming for Nd5. White is slightly better.} Be7 $1 14. Bd3 {[%emt 0:00:18] Black must now prevent 0-0.} (14. Bc4 {is interesting.} Rc8 15. Nd5 Bxd5 16. Bxd5 Nxd5 17. Qxd5 Qc3+ 18. Ke2) 14... h6 15. Bd2 Qc5 16. Qxc5 dxc5 17. Rf1 c4 18. Be2 Ba3 19. Be3 O-O (19... Rd8 {with more complications.} 20. Bb6 Bb4 21. Rf3 Rc8) 20. Bd4 Rfb8 21. Rxb8+ Rxb8 22. Kd2 Rd8 23. Ke3 Be7 24. Bxf6 Bxf6 {[%emt 0:19:33] [#]} 25. Nd5 Bxd5 26. exd5 Rxd5 27. Bxc4 $11 {[%emt 0:00:19][%mdl 4096] Endgame. KRB-KRB} Rg5 28. g3 Rg4 29. Bb3 Kf8 {[%emt 0:01:12] The position is equal.} 30. Rd1 Ke7 31. Re1 {[%emt 0:03:41] [#] Strongly threatening Kf3+.} Rg5 32. Kf4+ Kf8 33. Rd1 Ke7 {[%emt 0:00:02] Against Rd7+} 34. Re1+ Kf8 35. Re4 h5 36. h3 Rc5 37. Rc4 Rxc4+ 38. Bxc4 {[%emt 0:00:04] KB-KB} a5 $1 39. Ke4 Bc3 40. g4 hxg4 41. hxg4 Ke7 42. a4 f6 43. Kd5 Kd7 {[%emt 0:00:18] Weighted Error Value: White=0.05 (flawless) /Black=0.03 (flawless) .  Inaccurate:     	White=1     	Black=1      OK:         	White=12    	Black=19     Strong:       	---       	Black=2} 1/2-1/2

[Event "45th FIDE Olympiad 2024"]
[Site "Budapest"]
[Date "2024.09.13"]
[Round "3.53"]
[White "Sihlongonyane, Sikhanyiso"]
[Black "Anquandah, Francis Eric"]
[Result "1/2-1/2"]
[ECO "B01"]
[WhiteElo "1813"]
[BlackElo "1941"]
[Annotator "NA RC"]
[PlyCount "139"]
[EventDate "2024.09.05"]
[EventType "team-tourn"]
[EventCountry "HUN"]
[SourceTitle "playchess.com"]
[Source "ChessBase"]
[SourceQuality "1"]
[WhiteTeam "Eswatini"]
[BlackTeam "Ghana"]
[BlackTeamCountry "GHA"]
[TimeControl "40/5400+30:1800+30"]

1. e4 d5 2. exd5 Qxd5 3. Nc3 Qa5 4. d4 c6 5. h3 Nf6 6. Nf3 Bf5 7. Bc4 e6 8. O-O Bd6 9. Re1 O-O 10. Qe2 Qc7 11. Bg5 Nbd7 12. Rad1 h6 13. Bc1 a6 14. Ne5 c5 15. Nxd7 Nxd7 16. d5 e5 17. Bd3 Bh7 18. Bxh7+ Kxh7 19. Ne4 f5 20. Nxd6 Qxd6 21. c4 Rae8 22. b3 Kg8 23. Bb2 b6 24. Qh5 Kh7 25. Rd3 g6 26. Qe2 Re7 27. Re3 Rfe8 28. f3 Kg8 29. Qc2 b5 30. Qf2 Kh7 31. Qh4 g5 32. Qf2 Kg8 33. Qc2 Rf8 34. Qb1 Kg7 35. Qa1 Rfe8 36. R3e2 Kf7 37. Qb1 Qg6 38. g4 fxg4 39. Qxg6+ Kxg6 40. hxg4 bxc4 41. bxc4 Kf6 42. Ba3 Rb8 43. Re3 Ree8 44. Rb3 Rxb3 45. axb3 Rb8 46. Re3 Ke7 47. Kf2 Kd6 48. Ke2 a5 49. Bc1 Nb6 50. Bd2 Ra8 51. Bc3 Nd7 52. Kd3 a4 53. b4 a3 54. b5 a2 55. Re1 Rf8 56. Re3 Ra8 57. Re1 Ra4 58. Rh1 e4+ 59. fxe4 Ne5+ 60. Bxe5+ Kxe5 61. Ra1 Ra3+ 62. Kc2 Kxe4 63. d6 Ra7 64. Kb3 Rd7 65. Rxa2 Rxd6 66. Ra6 Rd3+ 67. Kc2 Rd4 68. Kc3 Rd3+ 69. Kc2 Rd4 70. Kc3 1/2-1/2

[Event "45th FIDE Olympiad 2024"]
[Site "Budapest"]
[Date "2024.09.13"]
[Round "3.54"]
[White "Ivanchuk, Vasyl"]
[Black "Cheng, Bobby"]
[Result "0-1"]
[ECO "C01"]
[WhiteElo "2635"]
[BlackElo "2588"]
[Annotator "TA"]
[PlyCount "80"]
[EventDate "2024.09.05"]
[EventType "team-tourn"]
[EventCountry "HUN"]
[SourceTitle "playchess.com"]
[Source "ChessBase"]
[SourceQuality "1"]
[WhiteTeam "Ukraine"]
[BlackTeam "Australia"]
[WhiteTeamCountry "UKR"]
[BlackTeamCountry "AUS"]
[TimeControl "40/5400+30:1800+30"]

1. e4 e6 2. d4 d5 3. exd5 exd5 4. Nf3 Bd6 5. c4 c6 6. Nc3 Nf6 7. Bd3 O-O 8. O-O h6 9. Re1 dxc4 {[%emt 0:07:32] The position is equal.} 10. Bxc4 Bg4 11. h3 Bxf3 12. Qxf3 Nbd7 13. Bb3 Nb6 14. Bd2 Bc7 15. Ne4 {[%emt 0:16:06] [#] Strongly threatening Nxf6+.} Nbd5 16. Nc5 Rb8 17. a3 Bb6 18. Bc2 Re8 19. Rxe8+ Qxe8 20. b4 Bxc5 21. dxc5 Rd8 22. Re1 Qd7 23. Bf5 {[%emt 0:04:08] This pair of bishops is nice.} Qc7 24. g3 Kf8 25. Bc1 a5 26. Bb2 Re8 {[%emt 0:01:15] Against Be5} 27. Rxe8+ Nxe8 28. b5 Qe7 29. Bd4 Nec7 30. Qg4 Nf6 31. Qf4 {[%emt 0:01:33] [#] Hoping for Bxf6.} (31. Bxf6 {simplifies} Qxf6 32. bxc6 bxc6 33. Qe4) 31... Nfd5 32. Qg4 Nf6 33. Bxf6 Qxf6 $11 {[%emt 0:00:04][%mdl 4096] Endgame. KQB-KQN} 34. Qf4 Qe7 35. bxc6 bxc6 36. Be4 g5 37. Qf5 Qe6 38. Qf3 Nb5 39. Bxc6 $2 (39. Qd3 $11 {and White is okay.}) 39... Nd4 $19 40. Qd5 Nxc6 {[%emt 0:00:15] Weighted Error Value: White=0.25 (precise) /Black=0.05 (flawless) .  Loses game:     	White=1     	---        Inaccurate:     	White=2     	Black=2      OK:         	White=12    	Black=14     Best:        	---       	Black=4} 0-1

[Event "45th FIDE Olympiad 2024"]
[Site "Budapest"]
[Date "2024.09.13"]
[Round "3.54"]
[White "Anhwere, Bernard"]
[Black "Mbongeni, Mabuza"]
[Result "0-1"]
[ECO "A46"]
[WhiteElo "1893"]
[BlackElo "1784"]
[Annotator "NA RC"]
[PlyCount "93"]
[EventDate "2024.09.05"]
[EventType "team-tourn"]
[EventCountry "HUN"]
[SourceTitle "playchess.com"]
[Source "ChessBase"]
[SourceQuality "1"]
[WhiteTeam "Ghana"]
[BlackTeam "Eswatini"]
[WhiteTeamCountry "GHA"]
[TimeControl "40/5400+30:1800+30"]

1. d4 Nf6 2. Nf3 e6 3. a3 d5 4. g3 Be7 5. Bg2 O-O 6. O-O b6 7. c4 Bb7 8. Qc2 Nbd7 9. b4 c5 10. dxc5 bxc5 11. b5 Qc7 12. Bb2 d4 13. Nbd2 e5 14. a4 a5 15. Ba3 Rfe8 16. h4 Bd6 17. Ng5 Bxg2 18. Kxg2 e4 19. Ngxe4 Qb7 20. f3 Bf8 21. Rfe1 h6 22. Qd3 Nxe4 23. Nxe4 f5 24. Nd2 g6 25. e4 Ne5 26. Qf1 Qf7 27. Rac1 f4 28. Re2 Bd6 29. g4 Qe7 30. Qh1 Kh7 31. Qh2 Nxg4 32. Qh3 Ne3+ 33. Kf2 Qe5 34. Rg1 Re6 35. Nb3 d3 36. Bb2 Qh5 37. Rxe3 fxe3+ 38. Kxe3 Rf8 39. Nd2 Bf4+ 40. Kxd3 Rd6+ 41. Kc2 Rxd2+ 42. Kb1 Rxb2+ 43. Kxb2 Qe5+ 44. Kb3 Rd8 45. Qg2 Rd3+ 46. Ka2 Rd2+ 47. Qxd2 0-1

[Event "45th FIDE Olympiad 2024"]
[Site "Budapest"]
[Date "2024.09.13"]
[Round "3.55"]
[White "Zhao, Zong-Yuan"]
[Black "Ponomariov, Ruslan"]
[Result "0-1"]
[ECO "C65"]
[WhiteElo "2478"]
[BlackElo "2654"]
[Annotator "TA"]
[PlyCount "140"]
[EventDate "2024.09.05"]
[EventType "team-tourn"]
[EventCountry "HUN"]
[SourceTitle "playchess.com"]
[Source "ChessBase"]
[SourceQuality "1"]
[WhiteTeam "Australia"]
[BlackTeam "Ukraine"]
[WhiteTeamCountry "AUS"]
[BlackTeamCountry "UKR"]
[TimeControl "40/5400+30:1800+30"]

1. e4 e5 2. Nf3 Nc6 3. Bb5 Nf6 4. d3 Bc5 5. Bxc6 dxc6 6. Nbd2 Qe7 7. Nc4 Nd7 8. Qe2 a5 9. a4 b6 10. O-O Ba6 11. b3 f6 12. Nh4 g6 13. g3 Nf8 14. Be3 Ne6 15. Bxc5 Qxc5 16. Qe3 Nd4 17. Rfc1 O-O-O 18. Nf3 Bxc4 19. bxc4 Ne6 20. Qxc5 Nxc5 21. h4 Kd7 22. Kf1 Kd6 23. Re1 Ne6 24. Ke2 Rhf8 25. Kd1 f5 26. exf5 Rxf5 27. Nd2 Rdf8 28. Ne4+ Kd7 29. Rf1 Rf3 30. Kd2 h6 31. Rae1 Nd4 32. Kc3 c5 33. Kb2 Kc6 34. Kc3 R3f7 35. Re3 Kd7 36. Rc1 Nf5 37. Rf3 Nd6 38. Rxf7+ Rxf7 39. Re1 (39. Nxd6 $1 $11 {remains equal.} cxd6 40. Rb1) 39... Nxe4+ $17 40. Rxe4 Rxf2 41. Rxe5 Rf3 $1 42. g4 Rh3 43. h5 {[%emt 0:00:00] [#]} Rh4 $1 44. hxg6 Rxg4 45. Rf5 Rxg6 46. Rf7+ Kd6 47. Rh7 c6 (47... Re6 $17) 48. Rb7 Ke5 49. Rxb6 h5 50. Rb8 $2 ({Only move:} 50. Ra6 $15) 50... Kf4 $2 (50... Rh6 $19 {and Black stays clearly on top. ...h4 is the strong threat.} 51. Re8+ Kf6 52. Rf8+ Ke6 53. Re8+ Kf5 54. Rf8+ Ke5 55. Re8+ Kf6 56. Rf8+ Kg5 57. Rg8+ Kf6 58. Rf8+) 51. Rh8 $17 {[%emt 0:00:00] [#]} Kg4 (51... Kg5 $1 $17 {Strongly threatening ...h4.} 52. Kd2 h4) 52. d4 $2 ({Not} 52. Ra8 $2 h4 53. Rxa5 h3 $19) (52. Kd2 $15) 52... cxd4+ $19 53. Kxd4 Rg5 (53... h4 $142 54. Kc5 h3) 54. c5 (54. Ke3 $142 Kg3 (54... h4 55. Kf2 $17) 55. Ke2) 54... h4 $19 55. Ke3 h3 56. Kf2 Rxc5 57. Rg8+ Kf4 58. Rf8+ Ke4 59. Kg3 (59. Re8+ $142 Kf4 60. Rf8+ Ke4 61. Re8+ Kd4 62. Rd8+ Kc3 63. Rh8) 59... Rc3+ (59... Rxc2 $142 60. Kxh3 c5 61. Re8+ Kd3) 60. Kh2 $19 c5 61. Ra8 Rxc2+ 62. Kxh3 c4 63. Rxa5 c3 64. Ra8 Ra2 65. a5 c2 66. Re8+ Kd3 67. Rd8+ Kc3 68. Rc8+ Kb2 69. Rb8+ Ka1 70. Rc8 Kb1 ({And not} 70... Rxa5 71. Rxc2 Kb1 72. Rf2 $11) 0-1

[Event "45th FIDE Olympiad 2024"]
[Site "Budapest"]
[Date "2024.09.13"]
[Round "3.55"]
[White "Nxumalo, Vuyo"]
[Black "Fomevor, Cephas Clinton"]
[Result "0-1"]
[ECO "A12"]
[WhiteElo "1746"]
[BlackElo "1873"]
[Annotator "NA RC"]
[PlyCount "92"]
[EventDate "2024.09.05"]
[EventType "team-tourn"]
[EventCountry "HUN"]
[SourceTitle "playchess.com"]
[Source "ChessBase"]
[SourceQuality "1"]
[WhiteTeam "Eswatini"]
[BlackTeam "Ghana"]
[BlackTeamCountry "GHA"]
[TimeControl "40/5400+30:1800+30"]

1. c4 c6 2. Nf3 Nf6 3. b3 d5 4. Bb2 Bf5 5. e3 e6 6. Nc3 Bd6 7. Be2 h6 8. Nd4 Bh7 9. f4 Nbd7 10. O-O O-O 11. d3 Rc8 12. Qd2 a6 13. Rad1 Re8 14. Nf3 Bc5 15. Kh1 Ng4 16. Nd4 Qh4 17. Bxg4 Qxg4 18. Rf3 e5 19. Rg3 Qh5 20. fxe5 Nxe5 21. Na4 Nxd3 22. Rf1 Bd6 23. Rxg7+ Kxg7 24. Nf5+ Kg8 25. Nxd6 Nxb2 26. Nxb2 Be4 27. Qf2 f5 28. Nxc8 Rxc8 29. h4 Kh7 30. Kh2 Rg8 31. Rg1 Qe8 32. cxd5 Qe5+ 33. g3 cxd5 34. Nd1 Rc8 35. Re1 Qa1 36. Qf4 Rc2+ 37. Kg1 Rc1 38. Qd6 Qg7 39. Kf2 Rc2+ 40. Re2 Rc1 41. Rd2 Rc6 42. Qb4 Rg6 43. Qd4 Qc7 44. Ke2 Qxg3 45. Nf2 Qf3+ 46. Kf1 Rg1+ 0-1

[Event "45th FIDE Olympiad 2024"]
[Site "Budapest"]
[Date "2024.09.13"]
[Round "3.56"]
[White "Korobov, Anton"]
[Black "Smerdon, David C"]
[Result "1-0"]
[ECO "E70"]
[WhiteElo "2650"]
[BlackElo "2475"]
[Annotator "TA"]
[PlyCount "85"]
[EventDate "2024.09.05"]
[EventType "team-tourn"]
[EventCountry "HUN"]
[SourceTitle "playchess.com"]
[Source "ChessBase"]
[SourceQuality "1"]
[WhiteTeam "Ukraine"]
[BlackTeam "Australia"]
[WhiteTeamCountry "UKR"]
[BlackTeamCountry "AUS"]
[TimeControl "40/5400+30:1800+30"]

1. d4 Nf6 2. c4 g6 3. Nc3 Bg7 4. e4 d6 5. Bd3 O-O 6. Nge2 Nc6 7. O-O e5 8. d5 Nd4 9. Nxd4 exd4 10. Ne2 Re8 11. Qc2 Nd7 12. b3 c5 {[%emt 0:02:51] The position is equal.} 13. f4 {[%emt 0:03:17] Prevents Ne5} Nf6 14. Bd2 Ng4 15. h3 {[%emt 0:26:25] Dodges f5} Ne3 16. Bxe3 dxe3 17. Rad1 b5 18. Rf3 (18. cxb5 $14 a6 19. a4) 18... bxc4 19. Bxc4 (19. bxc4 Rb8 $15) 19... f5 20. Rxe3 fxe4 21. Rxe4 Bf5 22. Rxe8+ Qxe8 23. Bd3 (23. Qd2 $14) 23... Qe3+ $11 24. Kh2 Bd7 {[%emt 0:13:09][%cal Od7h3] This pair of bishops is nice.} 25. Rf1 Rf8 26. a3 Kh8 27. Rf3 Qe7 28. b4 cxb4 29. axb4 Qh4 30. Rg3 Rxf4 $2 {[%emt 0:02:44] A mistake that costs the game.} ({Better is} 30... Qd8 $14) 31. Nxf4 $18 Qxf4 32. Qc7 $1 Be5 33. Qd8+ Kg7 34. Qxd7+ Kh8 $2 {[%emt 0:01:08] [#]} (34... Kf8 35. Qg4 Qd2) 35. Qg4 $1 {[%emt 0:02:11] Qxf4 is the strong threat.} g5 {[%emt 0:01:28] [#]} (35... Qd2 36. Bb5) 36. Be2 $1 h6 {[%emt 0:00:35] [#]} 37. Bd3 Qe3 $2 (37... Kg7 38. Bb5 (38. Qxf4 Bxf4 39. h4 g4 $18) 38... h5 39. Qxf4 (39. Qxh5 {gets mated.} Qxg3+ 40. Kg1 Bd4+ 41. Kh1 Qe1+) 39... Bxf4) 38. Qf3 {[%emt 0:01:38] White is clearly winning.} Qf4 {[%emt 0:00:08] [#]} 39. Kg1 $1 Qd4+ 40. Qf2 Qa1+ 41. Bf1 {[%emt 0:32:00] aiming for Qf8+.} Bd4 {[%emt 0:02:06] [#]} 42. Re3 $1 Kg7 {[%emt 0:00:12] [#] Repels Qf8+} (42... Kg8 43. g3) 43. g4 $1 {[%emt 0:00:00] Weighted Error Value: White=0.18 (very precise) /Black=0.36.  Loses game:     	---       	Black=1      Mistake:       	White=3     	Black=2      Inaccurate:     	White=1     	Black=4      OK:         	White=11    	Black=10     Best:        	White=5     	Black=1} 1-0

[Event "45th FIDE Olympiad 2024"]
[Site "Budapest"]
[Date "2024.09.13"]
[Round "3.56"]
[White "Frempong-Smart, Daniel"]
[Black "Mtsetfwa, Philani"]
[Result "1-0"]
[ECO "D11"]
[WhiteElo "1863"]
[BlackElo "1688"]
[Annotator "NA RC"]
[PlyCount "209"]
[EventDate "2024.09.05"]
[EventType "team-tourn"]
[EventCountry "HUN"]
[SourceTitle "playchess.com"]
[Source "ChessBase"]
[SourceQuality "1"]
[WhiteTeam "Ghana"]
[BlackTeam "Eswatini"]
[WhiteTeamCountry "GHA"]
[TimeControl "40/5400+30:1800+30"]

1. d4 Nf6 2. Nf3 d5 3. g3 Bf5 4. Bg2 e6 5. O-O Bd6 6. c4 c6 7. Nbd2 h6 8. Re1 O-O 9. b3 Nbd7 10. Bb2 Qc7 11. Rc1 Ne4 12. cxd5 exd5 13. Nh4 Bh7 14. Nxe4 dxe4 15. Bh3 Nf6 16. e3 Qa5 17. Bc3 Qd5 18. Bf1 Qe6 19. Rc2 g5 20. Ng2 Bg6 21. Be2 Nd5 22. Bd2 f5 23. Bh5 Kg7 24. Bxg6 Kxg6 25. Qe2 g4 26. h4 h5 27. Rb1 Qe7 28. b4 a6 29. Rcb2 Nb6 30. Be1 Qf7 31. Qd1 Nc4 32. Rb3 b5 33. Bd2 Qd5 34. Qc2 Kh6 35. Bc3 Kg6 36. Ra1 Rf7 37. a4 Rfa7 38. Ra2 Kh6 39. Rb1 Bb8 40. Rba1 Qd7 41. Qe2 Kg6 42. Ne1 Qd5 43. Ng2 Qd7 44. Kh2 Kh6 45. Rd1 Qd5 46. Raa1 Nb6 47. a5 Nc4 48. Kg1 Bd6 49. Ne1 Rc7 50. Rac1 Kg6 51. Nc2 Rac8 52. Na1 Rd7 53. Nb3 Rcd8 54. Na1 Be7 55. Kg2 Bd6 56. Re1 Be7 57. Qd1 Bd6 58. Nb3 Kf7 59. Ra1 Be7 60. Qc2 Ke8 61. Nc1 Bd6 62. Rd1 Kf7 63. Ne2 Bc7 64. Be1 Bd6 65. Nc3 Qe6 66. d5 cxd5 67. Nxd5 Be5 68. Nc3 Rxd1 69. Rxd1 Rxd1 70. Qxd1 Nb2 71. Qd8 Nd3 72. Bd2 Bf6 73. Qc7+ Kg6 74. Kf1 Be5 75. Qd8 Bf6 76. Qc7 Be5 77. Qb6 Kf7 78. Qb7+ Kg6 79. Nd5 Qd6 80. Ne7+ Kf6 81. Ng8+ Kg6 82. Qc8 Kg7 83. Qe8 Qf8 84. Qxf8+ Kxf8 85. Nh6 Bd6 86. Nxf5 Bxb4 87. Bxb4+ Nxb4 88. Nd6 Nc6 89. Nxe4 Ke7 90. Nc5 Nxa5 91. Nxa6 Nc6 92. Nc5 Kd6 93. Nd3 b4 94. Ke2 Kd5 95. Nf4+ Kc4 96. Kd2 Kb3 97. Nxh5 Ka2 98. Nf4 b3 99. Nd5 b2 100. Nc3+ Ka1 101. h5 Nb4 102. h6 Nd5 103. h7 Nxc3 104. h8=Q Ne4+ 105. Kc2 1-0

[Event "45th FIDE Olympiad 2024"]
[Site "Budapest"]
[Date "2024.09.13"]
[Round "3.57"]
[White "Predke, Alexandr"]
[Black "Bogner, Sebastian"]
[Result "1/2-1/2"]
[ECO "C43"]
[WhiteElo "2671"]
[BlackElo "2545"]
[Annotator "TA"]
[PlyCount "120"]
[EventDate "2024.09.05"]
[EventType "team-tourn"]
[EventCountry "HUN"]
[SourceTitle "playchess.com"]
[Source "ChessBase"]
[SourceQuality "1"]
[WhiteTeam "Serbia"]
[BlackTeam "Switzerland"]
[WhiteTeamCountry "SRB"]
[BlackTeamCountry "SUI"]
[TimeControl "40/5400+30:1800+30"]

1. e4 e5 2. Nf3 Nf6 3. d4 Nxe4 4. Bd3 d5 5. Nxe5 Nd7 6. Nc3 Nxc3 {[%emt 0:00:53] C43: Petroff Defence: 3 d4.} 7. bxc3 Bd6 {[%emt 0:00:29] seems to push 7...Nxe5 aside.} 8. O-O O-O 9. Bf4 Bxe5 10. Bxe5 Nxe5 11. dxe5 f6 $146 ({Predecessor:} 11... c5 12. f4 f5 13. exf6 Qxf6 14. Qh5 Bf5 15. Rae1 Qf7 16. Qxf7+ Rxf7 17. Bxf5 Rxf5 18. Re7 Rf7 19. Rfe1 Kf8 20. R7e5 Rd8 21. f5 {½-½ Van der Wiel,J (2505)-Atalik,E (2399) Corus-C Wijk aan Zee 2006 (5)}) 12. Qh5 f5 13. f4 Qe7 14. Qf3 Qc5+ 15. Kh1 c6 16. Be2 Be6 17. Qd3 Rf7 18. a4 Qa5 19. Rfb1 Rd8 20. Qe3 Rfd7 21. Rb4 Re7 22. h3 Rf7 23. Kh2 Rdd7 24. Ra3 Rf8 25. Rb1 g6 26. Rd1 Rfd8 27. Qf2 Rf7 28. Rd3 Rfd7 29. Ra1 c5 30. Rg3 Rg7 31. h4 h5 32. Ra3 c4 33. Ra1 Rdd7 34. Qe3 b6 35. Qd4 Qc5 ({Black should try} 35... Rc7 $11) 36. Qxc5 bxc5 37. Rb1 Kh7 38. Rb5 Rc7 39. Rf3 Rgd7 40. Rf1 (40. Ra5 $14) 40... d4 $11 41. Rd1 Kg7 (41... dxc3 $11 42. Rxd7+ Bxd7) 42. a5 (42. Kg3 $14) 42... Kf7 (42... dxc3 $11 43. Rxd7+ Bxd7) 43. a6 Ke7 44. Kg3 Rc6 (44... dxc3 $11 {remains equal.} 45. Rxd7+ Kxd7) 45. Ra5 (45. Kf2 $16) 45... dxc3 $11 46. Rb1 Bd5 (46... Rcc7 $14) 47. Ra3 Rb6 (47... Be4 $16) 48. Rc1 $2 ({Only move:} 48. Rxb6 $18 axb6 49. a7 (49. Rxc3 Ra7 $11)) 48... Be6 $11 49. Rxc3 Rxa6 50. Rb1 Ra4 51. Rb5 Rc7 52. Kf2 Bd5 53. g3 Kd7 54. Ke3 Rc8 55. Rb1 Kc7 56. Kf2 Rb8 57. Rd1 Rd8 58. Rb1 Rb8 59. Rd1 Rd8 60. Rb1 Rb8 1/2-1/2

[Event "45th FIDE Olympiad 2024"]
[Site "Budapest"]
[Date "2024.09.13"]
[Round "3.57"]
[White "Hemam, Moulaye Brahim"]
[Black "Moncur, Cecil"]
[Result "0-1"]
[ECO "A42"]
[WhiteElo "1977"]
[BlackElo "1839"]
[Annotator "NA RC"]
[PlyCount "54"]
[EventDate "2024.09.05"]
[EventType "team-tourn"]
[EventCountry "HUN"]
[SourceTitle "playchess.com"]
[Source "ChessBase"]
[SourceQuality "1"]
[WhiteTeam "Mauritania"]
[BlackTeam "Bahamas"]
[WhiteTeamCountry "MAU"]
[BlackTeamCountry "BAH"]
[TimeControl "40/5400+30:1800+30"]

1. d4 g6 2. c4 Bg7 3. Nc3 d6 4. e4 Nc6 5. Be3 e5 6. d5 Nce7 7. g4 f5 8. gxf5 gxf5 9. Qh5+ Ng6 10. exf5 Qh4 11. Qf3 N6e7 12. Bd3 Nh6 13. Qe2 Nhxf5 14. Nf3 Qh5 15. Nb5 Kd8 16. Ng5 Qe8 17. Nxa7 Nxe3 18. Nxc8 Ng2+ 19. Kf1 Nf4 20. Qg4 Rxc8 21. Bxh7 Bh6 22. h4 Bxg5 23. hxg5 Qf7 24. Qh4 Neg6 25. Qh6 b6 26. Rh2 c5 27. Re1 Rc7 0-1